 Dungeon Crawl Stone Soup version 0.28-a0-511-gcc94558de3 (webtiles) character file.

Game seed: 11779409677093043615

4163 heikuro the Cleaver (level 10, -8/90 HPs)
             Began as a Minotaur Berserker on Sept 22, 2021.
             Was an Elder of Trog.
             Mangled by a skeletal warrior (16 damage)
             ... on level 11 of the Dungeon.
             The game lasted 00:09:44 (7170 turns).

heikuro the Cleaver (Minotaur Berserker)            Turns: 7170, Time: 00:09:44

Health: -8/90      AC:  7    Str: 25    XL:     10   Next: 7%
Magic:  9/9        EV: 14    Int:  4    God:    Trog [****..]
Gold:   593        SH:  0    Dex: 10    Spells: 9/9 levels left

rFire   + . .      SeeInvis +   a - +1 battleaxe
rCold   . . .      Faith    .   (shield currently unavailable)
rNeg    . . .      Spirit   .   i - +2 robe of the Forsaken Dances {Regen+ SInv}
rPois   .          Reflect  .   (helmet restricted)
rElec   .          Harm     .   y - +0 cloak
rCorr   .          Rampage  .   (no gloves)
Will    .....                   e - +0 pair of boots
Stlth   +.........              (no amulet)
HPRegen 1.25/turn               k - ring of protection from fire
MPRegen 0.11/turn               (no ring)

@: no status effects
A: horns 2, retaliatory headbutt
a: Renounce Religion, Berserk, Trog's Hand, Brothers in Arms


You were on level 11 of the Dungeon.
You worshipped Trog.
Trog was greatly pleased with you.
You visited 2 branches of the dungeon, and saw 11 of its levels.

You collected 593 gold pieces.

Inventory:

Hand Weapons
 a - a +1 battleaxe (weapon)
Missiles
 j - 13 poisoned darts (quivered)
 q - 4 curare-tipped darts
Armour
 d - a +0 chain mail
 e - a +0 pair of boots (worn)
 i - the +2 robe of the Forsaken Dances (worn) {Regen+ SInv}
   (You found it on level 4 of the Dungeon)

   SInv:      It lets you see invisible.
   Regen:     It increases your rate of health regeneration.
 o - a +0 buckler
 y - a +0 cloak (worn)
Jewellery
 k - a ring of protection from fire (left hand)
Wands
 r - a wand of acid (6)
 z - a wand of mindburst (19)
 B - a wand of flame (13)
Scrolls
 b - 5 scrolls of teleportation
 f - 2 scrolls of enchant weapon
 g - 2 scrolls of enchant armour {unknown}
 l - 3 scrolls of acquirement {unknown}
 n - a scroll of torment {unknown}
 s - 3 scrolls of identify {unknown}
 t - a scroll of holy word {unknown}
 u - a scroll of fear {unknown}
 x - a scroll of vulnerability {unknown}
Potions
 h - 3 potions of degeneration {unknown}
 m - 2 potions of flight {unknown}
 p - 2 potions of might {unknown}
 v - 2 potions of heal wounds {unknown}
 w - a potion of magic {unknown}
 A - a potion of invisibility {unknown}


   Skills:
 + Level 8.6 Fighting
 * Level 11.6 Axes
 + Level 8.1 Armour
 + Level 7.4 Dodging
 - Level 1.0 Evocations


You had 9 spell levels left.
You didn't know any spells.
Your spell library was empty.

Dungeon Overview and Level Annotations

Branches:
Dungeon (9/15)             Temple (1/1) D:6
   Lair: D:8-11         Orc: D:9-12

Altars:
Cheibriados
Dithmenos
Elyvilon
Fedhas
Gozag
Hepliaklqana
Kikubaaqudgha
Makhleb
Nemelex Xobeh
Okawaru
Qazlal
Ru
Sif Muna
Trog
Uskayaw
Vehumet
Wu Jian
Yredelemnul
Zin
The Shining One

Shops:
D:5 :   D:7 (   D:8 (


Innate Abilities, Weirdness & Mutations

You have a pair of horns on your head.
You reflexively headbutt those who attack you in melee.


Message History

The deep elf pyromancer moves out of view.
Things that are here:
a +0 flail; an orc corpse You slice the orc!!
You kill the orc!
Trog accepts your kill.
The skeletal warrior hits you from afar with a +0 glaive!
The deep elf pyromancer gestures wildly while chanting.
Unknown command.
You barely miss the orc priest. You headbutt the orc priest!
The orc priest is almost dead.
The skeletal warrior hits you from afar with a +0 glaive!!
A manticore comes into view.
The orc priest invokes the aid of Beogh against you.
Pain shoots through your body!
A four-headed hydra comes into view.
You slice the orc priest!!
You kill the orc priest!
Trog accepts your kill.
You barely miss the orc wizard.
The skeletal warrior hits you from afar with a +0 glaive!
The orc wizard hits you with a +0 dagger.
The skeletal warrior hits you from afar with a +0 glaive!
* * * LOW HITPOINT WARNING * * *
The four-headed hydra moves out of view.
Unknown command.
The orc wizard hits you with a +0 dagger.
* * * LOW HITPOINT WARNING * * *
The skeletal warrior hits you from afar with a +0 glaive!
* * * LOW HITPOINT WARNING * * *
The orc wizard hits you but does no damage.
The deep elf pyromancer casts a spell.
The deep elf pyromancer blinks!
The skeletal warrior misses you.
The orc wizard hits you with a +0 dagger.
* * * LOW HITPOINT WARNING * * *
There is a stone staircase leading up here.
The deep elf pyromancer points at you and mumbles some strange words.
The bolt of fire misses you.
The skeletal warrior hits you with a +0 glaive!
You die...

..# #☼ ##.?.....#
....###○###...######
#.......E.....#
#.......)..#.##
..........####
........p.#
........e.##
##e..$z...#
#....o@..#
#[.#......#
..........##
##...#..### #..###.#
##. ### #


You could see a death knight, a skeletal warrior, 2 deep elf pyromancers, a fire
elemental (summoned) and an orc wizard.

Vanquished Creatures
  A two-headed ogre (D:8)
  A hornet (D:8)
  A wyvern (D:9)
  6 yaks (D:5)
  A steam dragon (D:8)
  Menkaure (D:4)
  A water moccasin (D:8)
  An ice beast (D:8)
  A hornet zombie (D:7)
  2 sky beasts (D:7)
  2 centaurs (D:8)
  2 phantoms (D:5)
  2 kobold brigands
  Blork the orc (D:6)
  A wyvern zombie (D:7)
  2 scorpions
  A water moccasin zombie (D:5)
  A bullfrog zombie (D:5)
  A centaur zombie (D:5)
  3 hounds
  4 jellies
  Crazy Yiuf (D:6)
  2 centaur skeletons
  A gnoll shaman (D:8)
  2 orc priests
  A bullfrog skeleton (D:7)
  2 iguanas (D:7)
  5 orc wizards
  A killer bee zombie (D:6)
  A hound skeleton (D:4)
  7 gnolls
  2 adders (D:2)
  2 ufetubi
  2 worms (D:3)
  2 dart slugs
  10 orcs
  6 ball pythons
  7 endoplasms
  3 giant cockroaches
  7 goblins
  4 hobgoblins
  3 jackals (D:2)
  2 bats
  4 frilled lizards
  27 kobolds
  6 rats
146 creatures vanquished.

Vanquished Creatures (others)
  17 plants
  3 toadstools (D:6)
20 creatures vanquished.

Grand Total: 166 creatures vanquished

Notes
Turn   | Place    | Note
-------+----------+-------------------------------------------
     0 | D:1      | heikuro the Minotaur Berserker began the quest for the Orb.
     0 | D:1      | Reached XP level 1. HP: 19/19 MP: 0/0
   172 | D:1      | Reached XP level 2. HP: 24/27 MP: 1/1
   216 | D:1      | Reached skill level 4 in Axes
   342 | D:1      | Found a faded altar of an unknown god.
   847 | D:2      | Reached XP level 3. HP: 31/33 MP: 2/2
   885 | D:2      | Reached ** piety under Trog
  1618 | D:3      | Reached XP level 4. HP: 40/40 MP: 3/3
  1751 | D:3      | Reached skill level 5 in Axes
  2328 | D:4      | Identified the +2 robe of the Forsaken Dances {Regen+ SInv}
  2357 | D:4      | Noticed a kobold brigand
  2377 | D:4      | Killed a kobold brigand
  2377 | D:4      | Reached *** piety under Trog
  2378 | D:4      | Reached XP level 5. HP: 47/47 MP: 4/4
  2632 | D:4      | Found an ornate altar of the Wu Jian Council.
  2632 | D:4      | Noticed Menkaure
  2649 | D:4      | Killed Menkaure
  2650 | D:4      | Reached skill level 5 in Fighting
  2650 | D:4      | Reached skill level 6 in Axes
  2650 | D:4      | Reached XP level 6. HP: 19/56 MP: 5/5
  3166 | D:5      | Entered Level 5 of the Dungeon
  3276 | D:5      | Reached XP level 7. HP: 56/61 MP: 6/6
  3308 | D:5      | Noticed a yak
  3308 | D:5      | Noticed a yak
  3308 | D:5      | Noticed a yak
  3310 | D:5      | Noticed a yak
  3311 | D:5      | Noticed a yak
  3313 | D:5      | Killed a yak
  3314 | D:5      | Reached skill level 7 in Axes
  3314 | D:5      | Noticed a yak
  3315 | D:5      | Killed a yak
  3316 | D:5      | Reached skill level 5 in Armour
  3318 | D:5      | Killed a yak
  3319 | D:5      | Killed a yak
  3320 | D:5      | Reached skill level 8 in Axes
  3320 | D:5      | Reached skill level 5 in Dodging
  3320 | D:5      | Reached XP level 8. HP: 39/70 MP: 7/7
  3449 | D:5      | Found a snail-covered altar of Cheibriados.
  3505 | D:5      | Reached skill level 9 in Axes
  3993 | D:5      | Found Caymee's Book Shop.
  4363 | D:6      | Found a blossoming altar of Fedhas.
  4453 | D:6      | Reached **** piety under Trog
  4488 | D:6      | Found a staircase to the Ecumenical Temple.
  4494 | Temple   | Entered the Ecumenical Temple
  4861 | D:6      | Found a sacrificial altar of Ru.
  4861 | D:6      | Noticed Blork the orc
  4869 | D:6      | Reached XP level 9. HP: 79/79 MP: 8/8
  4870 | D:6      | Killed Blork the orc
  5158 | D:6      | Found a runed translucent door.
  5159 | D:6      | Noticed Crazy Yiuf
  5165 | D:6      | Killed Crazy Yiuf
  5243 | D:7      | Found Ybbas's Antique Weapon Shop.
  5352 | D:7      | Reached skill level 10 in Axes
  5960 | D:7      | Reached skill level 1 in Evocations
  6160 | D:8      | Paralysed by a hornet for 2 turns
  6252 | D:8      | Found Wapsetz's Antique Weapon Emporium.
  6430 | D:8      | Noticed a two-headed ogre
  6439 | D:8      | Killed a two-headed ogre
  6440 | D:8      | Reached skill level 11 in Axes
  6819 | D:8      | Reached XP level 10. HP: 90/90 MP: 9/9
  7051 | D:9      | Identified the +6 falchion "Pynnia Gokh" {vorpal, *Slow
                  | rElec Dex+3 SInv}
  7148 | D:9      | You fall into a shaft and drop 2 floors!
  7157 | D:11     | Noticed a deep elf pyromancer
  7157 | D:11     | Noticed a skeletal warrior
  7157 | D:11     | Noticed a deep elf pyromancer
  7157 | D:11     | Noticed a death knight
  7159 | D:11     | Noticed a manticore
  7160 | D:11     | Noticed a four-headed hydra
  7170 | D:11     | Mangled by a skeletal warrior

Illustrated notes

Levels and vault maps discovered:
D:1:      onia_arrival_mini_spirals, layout_loops_ring,
          ebering_ecumenical_altar_sacrificial
D:2:      layout_loops_cross, columned_hall_lemuel
D:3:      layout_loops_ring, wander_ebering_terrifying_dragon_lair
D:4:      kennysheep_kobold_camp, layout_basic, mainiacjoe_overflow_paths,
          corexii_item_surrounded_by_moat, uniq_menkaure
D:5:      layout_loops_cross, mainiacjoe_overflow_24_doors, serial_shops,
          kennysheep_mini_moat, amcnicky_mini_rare_corridor_liquid,
          kennysheep_generic_room_14
D:6:      layout_gridville, lemuel_crystal_altar,
          mainiacjoe_overflow_cross_hatched, temple_green,
          minmay_gold_behind_fungi, hangedman_abyss_or_decor_passed,
          uniq_crazy_yiuf_cottage, uniq_blork_the_orc
D:7:      layout_loops_corners, serial_shops, nicolae_stop_n_shop_2
D:8:      layout_loops_ring, serial_shops, nicolae_shop_overgrown_old_shop
D:9:      layout_gridville, nicolae_ashenzari_skybound
D:11:     minmay_the_grid_octo_triangle [minmay_the_grid_octo_77,
          minmay_the_grid_octo_prize_square_snowflake,
          minmay_the_grid_octo_tetromino_candy], layout_cave_pools,
          hiddenorc1_lemuel, portal_ice_cave_entry_animals_and_master
Temple:   regret_index_temple_sphere_string

Skill      XL: |  1  2  3  4  5  6  7  8  9 |
---------------+----------------------------+-----
Axes           | 4 5 6 8 9 11 | 11.6
Fighting       | 4 5 6 7 8 |  8.6
Armour         | 3 4 5 6 8 |  8.1
Dodging        | 3 4 5 6 7 |  7.4
Evocations     | 1 |  1.0

Action                   |  1- 3 |  4- 6 |  7- 9 | 10-12 || total
-------------------------+-------+-------+-------+-------++-------
Melee: Hand axe          |    81 |    75 |       |       ||   156
       Headbutt          |    13 |    17 |    30 |     1 ||    61
       Battleaxe         |       |    21 |   139 |     7 ||   167
Throw: Dart              |       |       |     1 |       ||     1
Invok: Berserk           |       |     5 |     8 |       ||    13
  Use: Scroll            |       |       |     2 |     1 ||     3
 Stab: Sleeping          |       |     1 |       |       ||     1
Armor: Chain mail        |    35 |    11 |       |       ||    46
       Robe              |       |    14 |    40 |     2 ||    56
Dodge: Dodged            |    32 |    47 |    87 |    11 ||   177

Table legend: (Time is in decaauts)
 A = Elapsed time spent in this place.
 B = Non-inter-level travel time spent in this place.
 C = Inter-level travel time spent in this place.
 D = Time resting spent in this place.
 E = Time spent auto-exploring this place.
 F = Levels seen in this place.
 G = Mean time per level.
                   A        B        C        D        E       F      G
               +--------+--------+--------+--------+--------+-----+--------+
         Total |   7337 |   6920 |    417 |    582 |   5098 |  11 |  667.0 |
       Dungeon |   7165 |   6768 |    397 |    582 |   4962 |  10 |  716.5 |
        Temple |    171 |    151 |     20 |      0 |    136 |   1 |  171.0 |
               +--------+--------+--------+--------+--------+-----+--------+

Top non-repeatable levels by time:
     D:5: 1042 daAuts
     D:7: 1019 daAuts
     D:3: 936 daAuts
     D:4: 931 daAuts
     D:6: 875 daAuts
     D:8: 778 daAuts
     D:2: 733 daAuts
     D:1: 669 daAuts
  Temple: 171 daAuts
     D:9: 155 daAuts
    D:11: 22 daAuts
